 Dungeon Crawl Stone Soup version 0.28-a0-79-g444c7a33f5 (webtiles) character file.

Game seed: 6811396035050411643

148 siradein the Skirmisher (level 5, -4/88 HPs)
             Began as an Ogre Berserker on Aug 3, 2021.
             Was a Priest of Trog.
             Killed by divine providence
             ... invoked by an orc priest
              (12 damage)
             ... on level 4 of the Dungeon.
             The game lasted 00:08:07 (3410 turns).

siradein the Skirmisher (Ogre Berserker)            Turns: 3410, Time: 00:08:08

Health: -4/88      AC:  4    Str: 21    XL:     5   Next: 30%
Magic:  0/5        EV: 10    Int:  8    God:    Trog [***...]
Gold:   125        SH:  0    Dex:  9    Spells: 4/4 levels left

rFire   . . .      SeeInvis .   a - +0 mace
rCold   . . .      Faith    .   (no shield)
rNeg    . . .      Spirit   +   b - +1 animal skin
rPois   .          Reflect  .   (helmet restricted)
rElec   .          Harm     .   (no cloak)
rCorr   .          Rampage  .   (gloves unavailable)
Will    ++...                   (boots unavailable)
Stlth   ..........              i - amulet of guardian spirit
HPRegen 1.24/turn               (no ring)
MPRegen 0.09/turn               (no ring)

@: berserking, strong-willed, regenerating, very quick
A: large, unfitting armour, tough skin 1
a: Renounce Religion, Berserk, Trog's Hand


You were on level 4 of the Dungeon.
You worshipped Trog.
Trog was most pleased with you.
You visited 1 branch of the dungeon, and saw 4 of its levels.

You collected 125 gold pieces.

Inventory:

Hand Weapons
 a - a +0 mace (weapon)
Missiles
 f - 5 large rocks
 l - 18 stones (quivered)
Armour
 b - a +1 animal skin (worn)
Jewellery
 i - an amulet of guardian spirit (around neck)
Scrolls
 d - a scroll of teleportation {unknown}
 j - a scroll of enchant armour
 n - a scroll of amnesia {unknown}
Potions
 c - a potion of mutation {unknown}
 e - a potion of heal wounds {unknown}
 g - 3 potions of curing {unknown}
 h - 2 potions of degeneration {unknown}
 k - a potion of flight {unknown}
 m - a potion of lignification {unknown}


   Skills:
 + Level 6.1 Fighting
 + Level 4.2 Maces & Flails
 - Level 2.6 Dodging


You had 4 spell levels left.
You didn't know any spells.
Your spell library was empty.

Dungeon Overview and Level Annotations

Branches:
Dungeon (4/15)
 Temple: D:4-7

Altars:
Makhleb
Beogh


Innate Abilities, Weirdness & Mutations

You are too large for most types of armour.
You have tough skin. (AC +1)


Message History

You kill the orc wizard!
Trog accepts your kill.
Trog appreciates your killing of a magic user.
The ufetubus barely misses you. The ufetubus closely misses you.
The orc hits you with a +0 hand axe!
The orc wizard hits you but does no damage.
The orc hits you but does no damage.
Your Fighting skill increases to level 6!
You sock the orc wizard!
The orc wizard is almost dead.
The ufetubus hits you but does no damage.
The ufetubus barely misses you. The orc wizard casts a spell at you.
The puff of flame hits you! The orc hits you with a +0 hand axe.
You closely miss the orc wizard.
The orc wizard is almost dead.
The ufetubus barely misses you. The ufetubus hits you. The ufetubus misses you.
The ufetubus hits you but does no damage.
Unknown command.
You barely miss the orc wizard.
The orc wizard is almost dead.
The orc hits you but does no damage.
The orc wizard hits you with a +0 dagger of electrocution.
You are electrocuted!
* * * LOW HITPOINT WARNING * * *
The orc priest invokes the aid of Beogh against you.
Beogh smites you!
* * * LOW HITPOINT WARNING * * *
The orc hits you but does no damage.
The ufetubus hits you but does no damage.
The ufetubus hits you.
* * * LOW HITPOINT WARNING * * *
You barely miss the orc wizard.
The orc wizard is almost dead.
The orc closely misses you. The orc wizard barely misses you.
The orc hits you with a +0 club.
* * * LOW HITPOINT WARNING * * *
The orc priest mumbles some strange prayers to Beogh against you.
Beogh smites you!
You die...

#........ #........
#........ #........
#######........
#..............
#..(..?.......#
#####..)..........#
.......5@o.?......#
.......ooo......###
........J.......#
................#
................#
.............[..#
.[..(..........)#
................
)..............


You could see a jelly, an orc priest, an orc wizard, 2 orcs and an ufetubus.

Vanquished Creatures
  An orc wizard (D:4)
  2 adders (D:2)
  An ufetubus (D:4)
  3 worms (D:2)
  3 dart slugs
  9 ball pythons
  9 endoplasms
  4 giant cockroaches
  5 goblins
  5 hobgoblins
  9 jackals
  6 kobolds
  2 quokkas (D:2)
  9 bats
  A frilled lizard (D:2)
  8 rats
77 creatures vanquished.

Vanquished Creatures (others)
  6 plants (D:2)
6 creatures vanquished.

Grand Total: 83 creatures vanquished

Notes
Turn   | Place    | Note
-------+----------+-------------------------------------------
     0 | D:1      | siradein the Ogre Berserker began the quest for the Orb.
     0 | D:1      | Reached XP level 1. HP: 24/24 MP: 1/1
   101 | D:1      | Reached XP level 2. HP: 25/33 MP: 2/2
   696 | D:1      | Reached XP level 3. HP: 20/40 MP: 3/3
   951 | D:1      | Reached ** piety under Trog
   968 | D:1      | Reached skill level 5 in Fighting
   983 | D:1      | Found a faded altar of an unknown god.
  1458 | D:2      | Reached XP level 4. HP: 50/50 MP: 4/4
  1990 | D:2      | Found a burning altar of Makhleb.
  2611 | D:3      | Reached *** piety under Trog
  3320 | D:4      | Reached XP level 5. HP: 55/59 MP: 5/5
  3407 | D:4      | Reached skill level 6 in Fighting
  3410 | D:4      | Killed from afar by an orc priest

Illustrated notes

Levels and vault maps discovered:
D:1:      lightli_arrival_noodles, layout_basic,
          hellmonk_ecumenical_altar_defaced_shrine, minivault_14,
          minmay_misc_feat_plants
D:2:      layout_loops_ring, basic_altar, roderic_serpentine_path,
          wad_woods_river_04, grunt_ministairs_10, wad_floor_pattern_untrapped
D:3:      layout_basic
D:4:      layout_basic, item_on_display_a

Skill      XL: |  1  2  3  4  5 |
---------------+----------------+-----
Maces & Flails | 3 4 |  4.2
Fighting       | 5 6 |  6.1
Dodging        | |  2.6

Action                   |  1- 3 |  4- 6 || total
-------------------------+-------+-------++-------
Melee: Mace              |   146 |   122 ||   268
Throw: Stone             |       |     3 ||     3
Invok: Berserk           |       |     1 ||     1
       Trog's Hand       |       |     1 ||     1
  Use: Scroll            |       |     1 ||     1
Armor: Animal skin       |    84 |    54 ||   138
Dodge: Dodged            |   142 |    97 ||   239

Table legend: (Time is in decaauts)
 A = Elapsed time spent in this place.
 B = Non-inter-level travel time spent in this place.
 C = Inter-level travel time spent in this place.
 D = Time resting spent in this place.
 E = Time spent auto-exploring this place.
 F = Levels seen in this place.
 G = Mean time per level.
                   A        B        C        D        E       F      G
               +--------+--------+--------+--------+--------+-----+--------+
         Total |   3479 |   3361 |    118 |    149 |   2607 |   4 |  869.8 |
       Dungeon |   3479 |   3361 |    118 |    149 |   2607 |   4 |  869.8 |
               +--------+--------+--------+--------+--------+-----+--------+

Top non-repeatable levels by time:
     D:2: 1433 daAuts
     D:1: 1091 daAuts
     D:3: 833 daAuts
     D:4: 120 daAuts
